 Dungeon Crawl Stone Soup version 0.25-a0-1133-g93ebf73 (webtiles) character file.

Game seed: 1100104237592726250, levelgen mode: deterministic

464 thirtiethelement the Slasher (level 6, 0/48 HPs)
             Began as a Demonspawn Abyssal Knight on May 22, 2020.
             Was an Elder of Lugonu.
             Succumbed to an orc wizard's poison
             ... on level 4 of the Dungeon.
             The game lasted 00:15:40 (3818 turns).

thirtiethelement the Slasher (DsAK)                 Turns: 3818, Time: 00:15:41

Health: 0/48       AC:  4    Str: 14    XL:     6   Next: 80%
Magic:  2/7        EV: 12    Int: 14    God:    Lugonu [****..]
Gold:   167        SH:  0    Dex: 12    Spells: 5/5 levels left

rFire    . . .     SeeInvis .   a - +1 falchion
rCold    . . .     Gourm    .   (no shield)
rNeg     + . .     Faith    .   b - +0 leather armour
rPois    .         Spirit   +   (no helmet)
rElec    .         Reflect  .   (no cloak)
rCorr    .         Harm     .   g - +0 pair of gloves
MR       .....                  (no boots)
Stlth    ++........             m - amulet of guardian spirit
HPRegen  0.16/turn              d - ring of positive energy
MPRegen  0.10/turn              (no ring)

@: mighty, lethally poisoned (0 -> -11), flying, slowed, very slow
A: talons 1, spiny 1, sturdy frame 1
a: Depart the Abyss, Bend Space, Banish, Corrupt, Renounce Religion


You were on level 4 of the Dungeon.
You worshipped Lugonu.
Lugonu was greatly pleased with you.
You were not hungry.

You visited 1 branch of the dungeon, and saw 4 of its levels.
You visited the Abyss 1 time.
You also visited: Sewer.

You collected 167 gold pieces.

Inventory:

Hand Weapons
 a - a +1 falchion (weapon)
 v - a +0 long sword
Missiles
 h - 8 javelins (quivered)
 o - 29 poisoned darts
Armour
 b - a +0 leather armour (worn)
 g - a +0 pair of gloves (worn)
Jewellery
 d - a ring of positive energy (left hand)
 m - an amulet of guardian spirit (around neck)
Wands
 f - a wand of paralysis (8)
Scrolls
 k - 2 scrolls of fear
 l - 3 scrolls of remove curse
 q - 4 scrolls of magic mapping
 r - 2 scrolls of fog
 u - 2 scrolls of teleportation
Potions
 e - a potion of might
 i - a potion of heal wounds {unknown}
 j - a potion of flight
 n - a potion of mutation {unknown}
 p - 2 potions of curing {unknown}
 s - 2 potions of magic {unknown}
 t - 2 potions of brilliance {unknown}
Comestibles
 c - 4 rations


   Skills:
 + Level 3.9 Fighting
 + Level 4.6 Long Blades
 + Level 3.5 Armour
 + Level 2.4 Dodging
 + Level 1.2 Stealth
 + Level 2.6 Invocations


You had 5 spell levels left.
You didn't know any spells.
Your spell library was empty.

Dungeon Overview and Level Annotations

Branches:
Dungeon (4/15)              Sewer (visited)
 Temple: D:4-7

Altars:
Elyvilon
Nemelex Xobeh
The Shining One


Innate Abilities, Weirdness & Mutations

You have sharp toenails.
You are partially covered in sharp spines.
Your movements are slightly less encumbered by armour. (ER -2)


Message History

The orc priest is struck by your spines.
You kill the orc priest!
Lugonu accepts your kill.
It was a potion of might.
You feel very mighty all of a sudden.
You feel sick.
The orc wizard points at you and mumbles some strange words.
You feel as though you will be slow longer.
The orc wizard casts a spell at you. The magic dart hits you!
* * * LOW HITPOINT WARNING * * *
Found a glowing helmet.
* * * LOW HITPOINT WARNING * * *
You feel sick.
The orc wizard hits you but does no damage.
You are more poisoned.
It was a potion of flight.
You feel very buoyant.
You fly up into the air.
You die...

#########.....#
#.........[...#
#.............#
#.............#
#.............#
#...[.........#
#.<....o......#
###.%....@......#
.......)).......#
.......)........#
.........?......#
$...............#
................#
####+###.......†.......#
..<....#.......[.......#
.......#...............#


You could see an orc wizard (fast).

Vanquished Creatures
  2 bullfrogs (Sewer)
  An orc priest (D:4)
  A centaur skeleton (D:4)
  A worker ant (D:4)
  13 adders
  2 river rats (Sewer)
  3 worms (D:3)
  2 dart slugs (D:1)
  A leopard gecko (D:1)
  9 orcs
  6 giant cockroaches
  6 goblins
  6 hobgoblins
  3 jackals (D:3)
  3 quokkas
  13 ball pythons (Sewer)
  6 bats
  2 frilled lizards
  9 kobolds
  39 rats
128 creatures vanquished.

Notes
Turn   | Place    | Note
-------+----------+-------------------------------------------
     0 | Abyss:1  | thirtiethelement the Demonspawn Abyssal Knight began the
                  | quest for the Orb.
     0 | Abyss:1  | Reached XP level 1. HP: 18/18 MP: 2/2
    64 | Abyss:2  | Noticed a small abomination
    81 | Abyss:3  | Noticed a rakshasa
    82 | D:1      | Escaped the Abyss
   240 | D:1      | Reached * piety under Lugonu
   250 | D:1      | Reached skill level 1 in Dodging
   287 | D:1      | Reached skill level 2 in Long Blades
   287 | D:1      | Gained mutation: You are partially covered in sharp spines.
                  | [demonic ancestry]
   287 | D:1      | Reached XP level 2. HP: 24/24 MP: 3/3
   891 | D:1      | Gained mutation: You have sharp toenails. [demonic
                  | ancestry]
   891 | D:1      | Reached XP level 3. HP: 29/29 MP: 4/4
  1320 | D:2      | Reached ** piety under Lugonu
  1328 | D:2      | Found a white marble altar of Elyvilon.
  1402 | D:2      | Reached XP level 4. HP: 15/35 MP: 3/5
  1845 | D:3      | Found a glowing golden altar of the Shining One.
  1960 | D:3      | Reached skill level 3 in Long Blades
  1978 | D:3      | Found a glowing drain.
  2150 | Sewer    | Entered a sewer
  2338 | Sewer    | Reached XP level 5. HP: 41/41 MP: 6/6
  2383 | Sewer    | Reached *** piety under Lugonu
  2911 | Sewer    | Gained mutation: Your movements are slightly less
                  | encumbered by armour. (ER -2) [demonic ancestry]
  2911 | Sewer    | Reached XP level 6. HP: 42/48 MP: 5/7
  2926 | Sewer    | Reached skill level 4 in Long Blades
  3443 | D:3      | Reached skill level 1 in Stealth
  3606 | D:4      | Found a sparkling altar of Nemelex Xobeh.
  3806 | D:4      | Reached **** piety under Lugonu
  3817 | D:4      | HP: 2/48 [poisoned by an orc wizard]
  3818 | D:4      | Succumbed to an orc wizard's poison

Illustrated notes

Levels and vault maps discovered:
D:1:      dpeg_arrival_orchard, layout_basic
D:2:      layout_basic, lemuel_crystal_altar
D:3:      layout_loops_ring, tso_metal_star, gup_sewer_entry_glass,
          minmay_misc_feat_diagonals
D:4:      layout_gridville, cheibriados_altar_1, first_ration,
          nemelex_spade_bored_becter

Skill      XL: |  1  2  3  4  5  6 |
---------------+-------------------+-----
Dodging        | 1 2 |  2.4
Long Blades    | 2 3 4 |  4.6
Armour         | 2 3 |  3.5
Stealth        | 1 |  1.2
Fighting       | |  3.9
Invocations    | |  2.6

Action                   |  1- 3 |  4- 6 || total
-------------------------+-------+-------++-------
Melee: Falchion          |    73 |   172 ||   245
       Kick              |     5 |    36 ||    41
Throw: Javelin           |     2 |       ||     2
Invok: Depart the Abyss  |     1 |       ||     1
  Use: Scroll            |       |     7 ||     7
       Potion            |       |     2 ||     2
  Eat: Ration            |     1 |     2 ||     3
Armor: Leather armour    |    28 |    39 ||    67
Dodge: Dodged            |    40 |    99 ||   139
       Rpst.: Falchion   |    14 |    28 ||    42

Table legend:
 A = Non-vault XP
 B = Vault XP
 C = Vault XP percentage of total XP
 D = Non-vault monster count
 E = Vault monster count
 F = Vault count percentage of total count
                 A         B        C        D         E       F
            +---------+---------+-------+---------+---------+-------
      Total |     314 |     350 |  52.7 |      77 |      51 |  39.8
            +---------+---------+-------+---------+---------+-------
        D:1 |      41 |       0 |   0.0 |      24 |       0 |   0.0
        D:2 |      63 |       0 |   0.0 |      19 |       0 |   0.0
        D:3 |      88 |      41 |  31.8 |      27 |       4 |  12.9
        D:4 |     122 |       0 |   0.0 |       7 |       0 |   0.0
      Sewer |       0 |     309 | 100.0 |       0 |      47 | 100.0
            +---------+---------+-------+---------+---------+-------
